Map: Odyssey LE

Players

IllIIIllIIIl - Winner!

  • Race: Zerg Zerg
  • Spawn Location: 11:00

A.I. 1 (Elite)

  • Race: Protoss Protoss
  • Spawn Location: 5:00

VOD

Have the link to the VOD?

Description

Time

  • Played on: Dec. 27, 2017, 5:29 a.m.
  • Length: 10:16
Show
View Real Time Build Order
Export as new Build Order

IllIIIllIIIl Zerg - Winner!

Build Orders: Hatch First 

Get SALT Encoding   

  12  0:01  Drone  
  13  0:12  Overlord  
  13  0:16  Drone  
  14  0:30  Drone x2  
  14  0:34  Drone  
  17  0:54  Hatchery  
  16  0:58  Drone  
  16  1:01  Drone  
  18  1:09  Extractor  
  17  1:19  Spawning Pool  
  17  1:21  Drone  
  17  1:24  Drone  
  18  1:31  Drone  
  19  1:38  Overlord  
  19  1:50  Drone  
  20  2:05  Queen x2  
  20  2:06  Zergling x2  
  20  2:08  Zergling x2  
  26  2:14  Metabolic Boost  
  26  2:18  Drone  
  26  2:21  Drone  
  28  2:24  Drone  
  28  2:28  Drone  
  30  2:32  Drone  
  31  2:38  Drone  
  32  2:48  Pneumatized Carapace  
  32  2:56  Hatchery  
  31  3:01  Drone  
  31  3:03  Drone, Overlord  
  33  3:09  Drone x2  
  35  3:15  Drone  
  36  3:22  Drone x5  
  41  3:30  Drone x3  
  44  3:36  Roach Warren  
  44  3:38  Overlord  
  43  3:47  Drone  
  44  3:49  Overlord  
  44  3:58  Lair  
  44  3:59  Extractor  
  43  4:03  Drone x3  
  43  4:09  Queen  
  48  4:18  Drone x8  
  56  4:25  Spore Crawler  
  56  4:27  Spore Crawler  
  56  4:29  Drone  
  56  4:30  Drone x2  
  57  4:35  Spore Crawler  
  57  4:37  Extractor  
  55  4:39  Extractor  
  55  4:44  Drone  
  55  4:45  Drone x6  
  61  4:46  Evolution Chamber  
  61  4:47  Evolution Chamber  
  59  4:55  Drone, Overlord  
  59  4:56  Drone  
  61  5:03  Glial Reconstitution  
  61  5:10  Hydralisk Den  
  61  5:12  Drone x2  
  61  5:13  Drone  
  63  5:15  Drone  
  63  5:18  Drone x5  
  63  5:19  Drone  
  63  5:20  Extractor  
  63  5:21  Extractor  
  68  5:25  Overlord  
  68  5:29  Drone  
  68  5:30  Drone x3  
  68  5:35  Zerg Missile Weapons Level 1, Zerg Ground Armor Level 1, Overlord  
  72  5:45  Drone x2  
  72  5:46  Overlord x2  
  72  5:49  Muscular Augments  
  74  5:53  Hydralisk  
  74  5:54  Hydralisk  
  78  5:59  Roach x2  
  78  6:00  Roach  
  84  6:06  Drone  
  84  6:07  Roach, Hatchery  
  84  6:08  Roach x3  
  92  6:20  Overlord x2  
  92  6:22  Roach x3  
  92  6:23  Roach x3  
  104  6:31  Hydralisk  
  106  6:36  Overlord x2  
  106  6:40  Hydralisk  
  106  6:41  Hydralisk x5  
  106  6:46  Hydralisk  
  118  6:47  Hydralisk  
  118  6:49  Overlord  
  121  6:58  Hydralisk x5  
  131  7:02  Overlord  
  131  7:04  Hydralisk  
  131  7:05  Hydralisk  
  135  7:13  Queen  
  137  7:19  Overlord x2  
  137  7:20  Hydralisk x4  
  145  7:34  Hydralisk x6  
  157  7:37  Overlord  
  157  7:39  Hydralisk  
  157  7:40  Hydralisk  
  161  7:46  Hydralisk  
  161  7:47  Hydralisk x2  
  167  7:53  Hydralisk x3  
  173  7:59  Overlord  
  173  8:00  Hydralisk x2  
  173  8:01  Hydralisk  
  179  8:08  Hydralisk x2  
  183  8:28  Infestation Pit  
  183  8:29  Drone x7  
  183  8:30  Drone x2  
  191  8:42  Overlord  
  191  8:52  Extractor  
  191  8:54  Extractor  
  189  9:07  Spire  
  184  9:12  Hydralisk  
  184  9:13  Hydralisk x7  
  180  9:19  Hydralisk x2  
  172  9:30  Hydralisk x4  
  178  9:35  Hydralisk x2  
  180  9:39  Roach x4  
  180  9:40  Roach  
  190  9:52  Roach  
  194  9:53  Roach x3  
Show
View Real Time Build Order
Export as new Build Order

A.I. 1 (Elite) Protoss 

Build Orders:  

Get SALT Encoding   

  12  0:00  Probe  
  13  0:13  Probe  
  14  0:20  Pylon  
  14  0:25  Probe  
  15  0:38  Probe  
  16  0:47  Assimilator  
  16  0:50  Gateway, Probe  
  17  1:02  Pylon, Probe  
  18  1:14  Probe  
  19  1:26  Probe  
  20  1:37  Zealot, Cybernetics Core  
  20  1:38  Probe  
  23  1:50  Probe  
  24  2:02  Probe  
  24  2:03  Nexus  
  25  2:14  Warp Gate, Probe  
  26  2:20  Stalker  
  28  2:27  Probe  
  29  2:33  Pylon  
  29  2:39  Probe  
  30  2:44  Gateway  
  30  2:47  Assimilator  
  30  2:51  Probe  
  31  2:55  Adept  
  33  3:03  Probe  
  34  3:06  Pylon  
  34  3:14  Probe  
  34  3:15  Probe  
  36  3:22  Adept  
  36  3:26  Probe  
  39  3:27  Probe  
  39  3:31  Stargate  
  40  3:38  Adept, Probe  
  40  3:39  Probe  
  44  3:49  Adept  
  44  3:51  Probe x2  
  48  4:03  Probe x2  
  48  4:06  Stargate  
  50  4:15  Probe x2  
  52  4:18  Void Ray  
  52  4:21  Zealot  
  58  4:28  Pylon, Probe x2  
  60  4:32  Zealot  
  62  4:38  Pylon  
  62  4:49  Void Ray  
  66  4:56  Probe x2  
  68  5:04  Pylon  
  68  5:08  Probe x2  
  68  5:10  Void Ray  
  74  5:16  Adept, Pylon  
  74  5:20  Adept  
  78  5:22  Probe  
  79  5:39  Assimilator  
  79  5:41  Assimilator  
  79  5:44  Twilight Council  
  79  5:47  Gateway  
  79  6:02  Probe x2  
  81  6:05  Pylon  
  81  6:14  Probe x2  
  83  6:24  Templar Archives  
  82  6:26  Probe  
  82  6:27  Probe  
  82  6:30  Stalker  
  86  6:34  Stalker  
  86  6:39  Nexus  
  88  6:41  Stalker  
  88  6:43  Pylon  
  88  6:46  Forge  
  89  6:50  Forge  
  89  7:00  Pylon  
  89  7:02  Stalker, Sentry  
  89  7:04  Stalker  
  95  7:20  Gateway  
  95  7:21  Photon Cannon  
  95  7:25  Stalker, High Templar, Pylon  
  95  7:27  Zealot  
  101  7:30  Robotics Facility  
  101  7:47  Stalker, Photon Cannon  
  101  7:48  High Templar  
  101  7:50  Photon Cannon  
  105  7:52  Probe x3  
  105  7:58  Sentry  
  110  8:01  Archon  
  110  8:03  Assimilator  
  110  8:04  Probe  
  110  8:05  Probe x2  
  112  8:06  Pylon  
  112  8:08  Assimilator  
  112  8:10  High Templar  
  115  8:14  High Templar  
  115  8:16  Probe  
  115  8:17  Probe  
  115  8:18  Observer, Probe  
  121  8:26  Photon Cannon  
  121  8:28  Probe  
  121  8:29  Pylon, Probe  
  121  8:30  Probe  
  121  8:31  Psionic Storm  
  124  8:39  Warp Prism, Archon  
  124  8:40  Probe  
  127  8:41  Probe  
  127  8:43  Probe  
  129  8:49  High Templar  
  129  8:50  Photon Cannon  
  129  8:52  Photon Cannon, Probe  
  129  8:54  Probe  
  129  8:55  Probe  
  134  8:59  High Templar  
  134  9:02  Zealot x2  
  140  9:03  Pylon  
  140  9:04  Probe  
  140  9:06  Zealot  
  101  9:21  Stalker  
  101  9:22  High Templar  
  77  9:26  Zealot  
  77  9:27  Probe  
  77  9:29  Probe  
  75  9:31  Zealot  
  71  9:39  Probe  
  71  9:44  Zealot  
  68  9:46  Zealot  
  68  9:51  Zealot, Probe  
  64  9:54  Zealot  
  54  10:03  Probe  
  54  10:04  High Templar  
  54  10:06  Adept  
  49  10:12  Zealot  
Tags
 
Matchup
PvZ
Spawn Locations
Cross Positions
Add a new tag
Caveats
  • Supply blocks, unpowered buildings, or Contaminate may cause inaccurate times.
  • Supply counts are checked every 10 seconds.